[Event "ICC tourney 2533 (25 5)"]
[Site "Internet Chess Club"]
[Date "2021.04.25"]
[Round "7"]
[White "ZONG, DAVIS:K09-14980186"]
[Black "BERGMAN CHUDNOW, BRYAN:K09-15424930"]
[Result "1/2-1/2"]
[ICCResult "Game drawn by mutual agreement"]
[WhiteElo "2269"]
[BlackElo "1759"]
[Opening "Grünfeld: modern exchange variation"]
[ECO "D85"]
[NIC "GI.04"]
[Time "15:00:31"]
[PlyCount "56"]
[TimeControl "1500+5"]

1. d4 Nf6 2. c4 g6 3. Nc3 d5 4. cxd5 Nxd5 5. e4 Nxc3 6. bxc3 Bg7 7. Nf3 O-O
8. Be2 c5 9. O-O Nc6 10. Be3 Qa5 11. Qb3 b6 12. Rac1 Ba6 13. Bxa6 Qxa6 14.
d5 Na5 15. Qc2 Rad8 16. c4 e6 17. Bg5 f6 18. dxe6 Rfe8 19. Bf4 Rxe6 20.
Rfd1 Rxd1+ 21. Qxd1 Qb7 22. Qd8+ Bf8 23. e5 fxe5 24. Bxe5 Re7 25. Bf6 Rd7
26. Qe8 Qc6 27. Re1 Rd6 28. Qxc6 Rxc6 { Game drawn by mutual agreement }
1/2-1/2

[Event "ICC tourney 2533 (25 5)"]
[Site "Internet Chess Club"]
[Date "2021.04.25"]
[Round "7"]
[White "GHODAKE, SPARSH:K09-16884947"]
[Black "CHEN, ANGELIQUE LEE:K09-30021275"]
[Result "1-0"]
[ICCResult "Black checkmated"]
[WhiteElo "1242"]
[BlackElo "743"]
[Opening "English opening"]
[ECO "A20"]
[NIC "EO.24"]
[Time "15:02:21"]
[PlyCount "137"]
[TimeControl "1500+5"]

1. c4 e5 2. g3 Nf6 3. Bg2 Bc5 4. Nc3 d6 5. e3 O-O 6. Nge2 Bg4 7. Bxb7 Nbd7
8. Bxa8 Qxa8 9. Rg1 Qf3 10. d4 exd4 11. Nxd4 Qxd1+ 12. Nxd1 Bxd4 13. exd4
Re8+ 14. Be3 Bf3 15. Nc3 c5 16. d5 Nb6 17. b3 Ng4 18. h4 h6 19. Kd2 Ne5 20.
Nb5 Nc8 21. Rge1 Bg4 22. Rec1 Nf3+ 23. Kd3 Ne5+ 24. Kc3 Re7 25. Bf4 Nf3 26.
Nxd6 Nb6 27. Be3 Nd7 28. Nb7 Nd4 29. Re1 Nf3 30. Reb1 Bf5 31. Rb2 Nd4 32.
Bxd4 cxd4+ 33. Kxd4 Re4+ 34. Kc3 Nf6 35. Nd6 Re5 36. f4 Re3+ 37. Kd4 Rd3+
38. Kc5 Nd7+ 39. Kc6 Bg4 40. Rg1 Nf6 41. Rbb1 Rd2 42. a4 Bd7+ 43. Kc5 Ne8
44. Nxe8 Bxe8 45. Rbe1 Bd7 46. Re7 Bg4 47. Rxa7 Rb2 48. b4 Rc2 49. b5 Be2
50. Kd6 Rxc4 51. b6 Rb4 52. a5 Bf3 53. b7 Rb5 54. Ra8+ Kh7 55. b8=Q Rxd5+
56. Kc7 Rc5+ 57. Kb6 Rc6+ 58. Kb5 Rc2 59. Qh8+ Kg6 60. Ra6+ f6 61. Ra7 Be2+
62. Kb4 Rc4+ 63. Kb3 Rc5 64. Qxg7+ Kf5 65. g4+ Kxf4 66. Qxf6+ Ke4 67. Re7+
Kd3 68. Qd6+ Rd5 69. Qxd5# { Black checkmated } 1-0

[Event "ICC tourney 2533 (25 5)"]
[Site "Internet Chess Club"]
[Date "2021.04.25"]
[Round "7"]
[White "HUANG, BRIAN:K09-15187606"]
[Black "WILLIAM HALL, STEWART:K09-15065861"]
[Result "1/2-1/2"]
[ICCResult "Game drawn by repetition"]
[WhiteElo "2017"]
[BlackElo "1427"]
[Opening "French: Two knights variation"]
[ECO "C00"]
[NIC "FR.01"]
[Time "15:00:49"]
[PlyCount "99"]
[TimeControl "1500+5"]

1. e4 e6 2. Nf3 d5 3. Nc3 d4 4. Ne2 c5 5. c3 Nc6 6. cxd4 cxd4 7. Qa4 Bc5 8.
b4 Bxb4 9. Nexd4 Qa5 10. Bb5 Bd7 11. Nxc6 bxc6 12. Qxa5 Bxa5 13. Bd3 Nf6
14. Ba3 Bd8 15. O-O Be7 16. Bxe7 Kxe7 17. Rfc1 Rhd8 18. Ne5 Rac8 19. Ba6
Rc7 20. f3 Be8 21. Rc2 Rd6 22. Nc4 Rd4 23. Rac1 Bd7 24. Ne5 c5 25. d3 Ra4
26. Bc4 Ra5 27. Bb3 Ba4 28. d4 Bxb3 29. axb3 Nd7 30. Nxd7 Kxd7 31. dxc5 Kc6
32. Kf2 Kb5 33. Ke3 Ra3 34. Rc3 Kb4 35. Rc4+ Kxb3 36. Kd4 f6 37. c6 Ra6 38.
Rc5 Ra4+ 39. Kd3 Ra3 40. R1c4 Kb2+ 41. Kd4 e5+ 42. Kd5 Rd3+ 43. Ke6 Kb3 44.
Rc1 Kb2 45. R1c4 Kb3 46. Rc1 Kb2 47. R5c2+ Kb3 48. Rc5 Kb2 49. R1c2+ Kb3
50. Rc1 { Game drawn by repetition } 1/2-1/2

[Event "ICC tourney 2533 (25 5)"]
[Site "Internet Chess Club"]
[Date "2021.04.25"]
[Round "7"]
[White "WILSON, RONEN:K09-15349011"]
[Black "CHAKRAVARTY, ARITRO:K09-16061277"]
[Result "0-1"]
[ICCResult "White resigns"]
[WhiteElo "2079"]
[BlackElo "1886"]
[Opening "Sicilian: Pelikan, Chelyabinsk variation"]
[ECO "B33"]
[NIC "SI.37"]
[Time "15:00:28"]
[PlyCount "92"]
[TimeControl "1500+5"]

1. e4 c5 2. Nf3 Nc6 3. d4 cxd4 4. Nxd4 Nf6 5. Nc3 e6 6. Ndb5 d6 7. Bf4 e5
8. Bg5 a6 9. Na3 b5 10. Nd5 Be7 11. Bxf6 Bxf6 12. c3 O-O 13. Nc2 Be6 14. a4
Rb8 15. axb5 axb5 16. Ncb4 Nxb4 17. Nxb4 Qd7 18. Be2 Rfd8 19. Bf3 Bc4 20.
b3 Be6 21. h4 Rbc8 22. Rc1 Qe7 23. g3 d5 24. Qe2 d4 25. Nd5 Bxd5 26. exd5
dxc3 27. Qxb5 e4 28. Bg2 e3 29. O-O exf2+ 30. Kh2 Bxh4 31. gxh4 Qxh4+ 32.
Bh3 Qf4+ 33. Kh1 Qf3+ 34. Kh2 Qf4+ 35. Kh1 Qe4+ 36. Kh2 Rxd5 37. Qb7 Qf4+
38. Kh1 Qf3+ 39. Kh2 Rcd8 40. Qc7 Rd3 41. Bc8 R3d5 42. Bh3 Rd3 43. Bc8 R8d6
44. Qb8 Qg3+ 45. Kh1 Rh6+ 46. Bh3+ Qxb8 { White resigns } 0-1

[Event "ICC tourney 2533 (25 5)"]
[Site "Internet Chess Club"]
[Date "2021.04.25"]
[Round "7"]
[White "ISAAC JENKINS, MATTHEW:K09-16814454"]
[Black "CATLIN, CHRISTIAN:K09-17355105"]
[Result "1/2-1/2"]
[ICCResult "Game drawn by repetition"]
[WhiteElo "1302"]
[BlackElo "805"]
[Opening "English opening"]
[ECO "A20"]
[NIC "EO.25"]
[Time "15:00:18"]
[PlyCount "131"]
[TimeControl "1500+5"]

1. c4 e5 2. e4 Nf6 3. Nc3 Bc5 4. g3 d6 5. Bg2 Ng4 6. Nh3 Qf6 7. O-O O-O 8.
d3 h6 9. Qe2 Nc6 10. Be3 Bd4 11. Nd5 Qd8 12. Bxd4 Nxd4 13. Qd2 Nf6 14.
Nxf6+ Qxf6 15. f4 Bxh3 16. Bxh3 Rfe8 17. fxe5 Nf3+ 18. Rxf3 Qxf3 19. Rf1
Qh5 20. Bf5 Rxe5 21. d4 Re7 22. Rf4 Qg5 23. Kg2 g6 24. h4 Qf6 25. Bh3 Qg7
26. b3 Qf8 27. Qb4 b6 28. c5 a5 29. Qb5 dxc5 30. dxc5 Re5 31. Qc6 Rxc5 32.
Qf6 Rc2+ 33. Kf3 Rxa2 34. Be6 fxe6 35. Qxg6+ Kh8 36. Rxf8+ Rxf8+ 37. Ke3
Ra3 38. Qxh6+ Kg8 39. Qxe6+ Rf7 40. Qe8+ Kg7 41. Qe5+ Kg8 42. Qg5+ Kf8 43.
Qd8+ Kg7 44. Qd4+ Kg8 45. Qd5 a4 46. Qg5+ Kf8 47. Qh6+ Ke7 48. Qg5+ Kf8 49.
Ke2 axb3 50. Qh6+ Ke7 51. Qg5+ Kf8 52. Qd8+ Kg7 53. Qg5+ Kh7 54. Qh5+ Kg7
55. Qg5+ Kf8 56. Qd8+ Kg7 57. Qg5+ Kh7 58. Qh5+ Kg8 59. Qg6+ Kf8 60. Qh6+
Kg8 61. Qg6+ Kf8 62. Qh6+ Kg8 63. Qg6+ Kf8 64. Qh6+ Kg8 65. Qg6+ Kf8 66.
Qh6+ { Game drawn by repetition } 1/2-1/2

[Event "ICC tourney 2533 (25 5)"]
[Site "Internet Chess Club"]
[Date "2021.04.25"]
[Round "7"]
[White "KRISHNAN, SAATVIK:K09-15210955"]
[Black "PARK, EVAN:K09-15748464"]
[Result "0-1"]
[ICCResult "White checkmated"]
[WhiteElo "1797"]
[BlackElo "2322"]
[Opening "English opening"]
[ECO "A16"]
[NIC "EO.64"]
[Time "15:00:31"]
[PlyCount "76"]
[TimeControl "1500+5"]

1. c4 Nf6 2. Nc3 g6 3. g3 Bg7 4. Bg2 O-O 5. d4 d6 6. f4 Nc6 7. e4 e5 8. d5
Nd4 9. Nf3 Bg4 10. Be3 Nd7 11. h3 Bxf3 12. Bxf3 a5 13. Bg2 Nc5 14. O-O c6
15. g4 b5 16. dxc6 bxc4 17. Bxd4 exd4 18. Nd5 Nd3 19. c7 Qd7 20. e5 Ra7 21.
b3 dxe5 22. bxc4 Nxf4 23. Rxf4 exf4 24. Rb1 Rxc7 25. Nxc7 Qxc7 26. Qd3 Re8
27. Qb3 Qe5 28. Qb5 Qe3+ 29. Kh2 Qg3+ 30. Kh1 Re2 31. Qb8+ Bf8 32. Qa8 d3
33. c5 d2 34. Rg1 Re1 35. Qf3 Rxg1+ 36. Kxg1 Bxc5+ 37. Kh1 Qe1+ 38. Kh2
Qg1# { White checkmated } 0-1

[Event "ICC tourney 2533 (25 5)"]
[Site "Internet Chess Club"]
[Date "2021.04.25"]
[Round "7"]
[White "MENON, GAURI:K09-15187152"]
[Black "LEE, JAYDEN:K09-15757981"]
[Result "0-1"]
[ICCResult "White checkmated"]
[WhiteElo "1960"]
[BlackElo "2106"]
[Opening "Réti: King's Indian attack"]
[ECO "E68"]
[NIC "KI.63"]
[Time "15:00:28"]
[PlyCount "88"]
[TimeControl "1500+5"]

1. Nf3 Nf6 2. g3 g6 3. Bg2 Bg7 4. d4 O-O 5. O-O d6 6. c4 c6 7. Nc3 Nbd7 8.
e4 e5 9. d5 Qc7 10. Be3 Ng4 11. Bd2 Ngf6 12. b4 Ne8 13. Rc1 a5 14. a3 axb4
15. axb4 Qb6 16. Rb1 Qd8 17. Ra1 Rxa1 18. Qxa1 Nb6 19. Qa2 Qe7 20. Be3 Nd7
21. dxc6 bxc6 22. Qa8 Nef6 23. Qxc6 Nb8 24. Qb6 Be6 25. c5 d5 26. exd5 Nxd5
27. Nxd5 Bxd5 28. Rd1 Bb3 29. Rb1 Qd7 30. Nd2 Bc2 31. Rc1 Ba4 32. Ne4 f5
33. Nd6 Bc6 34. Bxc6 Nxc6 35. b5 Nd4 36. Rd1 Ne2+ 37. Kf1 Nc3 38. c6 Qe6
39. Rd2 f4 40. Bc5 Qh3+ 41. Ke1 fxg3 42. Rd3 gxf2+ 43. Bxf2 Qxd3 44. Qe3
Qd1# { White checkmated } 0-1

[Event "ICC tourney 2533 (25 5)"]
[Site "Internet Chess Club"]
[Date "2021.04.25"]
[Round "7"]
[White "WANG, LILIAN:K09-15607273"]
[Black "Y OH, JAMES:K09-15146868"]
[Result "1-0"]
[ICCResult "Black checkmated"]
[WhiteElo "1798"]
[BlackElo "2034"]
[Opening "Sicilian: Taimanov variation"]
[ECO "B48"]
[NIC "SI.40"]
[Time "15:00:12"]
[PlyCount "81"]
[TimeControl "1500+5"]

1. e4 c5 2. Nf3 e6 3. d4 cxd4 4. Nxd4 Nc6 5. Nc3 Qc7 6. Be3 Nf6 7. f3 a6 8.
Be2 Bb4 9. a3 Bxc3+ 10. bxc3 Ne5 11. Qd2 Nc4 12. Bxc4 Qxc4 13. Qd3 Qc7 14.
O-O O-O 15. c4 d6 16. Rfd1 Rd8 17. Nb3 e5 18. Bc5 Ne8 19. Be3 Be6 20. Nd2
Nf6 21. Rab1 Rd7 22. Kh1 Rc8 23. Rb4 h6 24. h3 b5 25. cxb5 axb5 26. Rxb5
Qxc2 27. Qxc2 Rxc2 28. a4 d5 29. exd5 Nxd5 30. Nf1 Nxe3 31. Rxd7 Bxd7 32.
Rb8+ Kh7 33. Nxe3 Rc1+ 34. Kh2 Bxa4 35. Rb7 f6 36. Nf5 Kg6 37. Nxg7 Rc6 38.
g4 Bd1 39. Nf5 Kg5 40. Kg3 Rc3 41. Rg7# { Black checkmated } 1-0

[Event "ICC tourney 2533 (25 5)"]
[Site "Internet Chess Club"]
[Date "2021.04.25"]
[Round "7"]
[White "SILVA, JAVIER:K09-16089208"]
[Black "V V SHI, ROGER:K09-16191192"]
[Result "1/2-1/2"]
[ICCResult "Game drawn by mutual agreement"]
[WhiteElo "1889"]
[BlackElo "1572"]
[Opening "Sicilian: Alapin's variation (2.c3)"]
[ECO "B22"]
[NIC "SI.47"]
[Time "15:01:20"]
[PlyCount "115"]
[TimeControl "1500+5"]

1. e4 c5 2. c3 Nf6 3. e5 Nd5 4. d4 cxd4 5. Nf3 Nc6 6. cxd4 d6 7. Bc4 Nb6 8.
Bb5 dxe5 9. Nxe5 Bd7 10. Nxd7 Qxd7 11. O-O a6 12. Bxc6 Qxc6 13. Nc3 e6 14.
Bf4 Be7 15. Rc1 Qd7 16. Re1 O-O 17. Qb3 Nd5 18. Nxd5 exd5 19. Rc7 Qf5 20.
Rcxe7 Qxf4 21. Qxd5 h6 22. Rxb7 Rad8 23. Qe4 Rde8 24. Re7 Rxe7 25. Qxe7
Qxd4 26. Qe5 Rd8 27. Qxd4 Rxd4 28. g3 Kf8 29. Re3 Rd2 30. Rb3 Ke7 31. Rb6
a5 32. a3 Kd8 33. Rb7 Ke8 34. b4 axb4 35. Rxb4 Kd7 36. Rb7+ Ke6 37. a4 Ra2
38. Ra7 g5 39. a5 f5 40. Ra6+ Ke5 41. Ra8 Ke4 42. Kg2 f4 43. gxf4 Kxf4 44.
a6 Kg4 45. Ra7 h5 46. Ra8 Kh4 47. a7 Kg4 48. h3+ Kh4 49. Kf3 Kxh3 50. Rh8
Ra3+ 51. Ke4 Rxa7 52. Rxh5+ Kg4 53. Rh1 Re7+ 54. Kd3 Kf3 55. Rg1 Rd7+ 56.
Kc2 g4 57. Rg3+ Kf4 58. Re3 { Game drawn by mutual agreement } 1/2-1/2

[Event "ICC tourney 2533 (25 5)"]
[Site "Internet Chess Club"]
[Date "2021.04.25"]
[Round "7"]
[White "LIU, CATHERINE:K09-15277304"]
[Black "ZHOU, ATHENA:K09-17305940"]
[Result "0-1"]
[ICCResult "White checkmated"]
[WhiteElo "1143"]
[BlackElo "625"]
[Opening "Bishop's opening: Berlin defense"]
[ECO "C24"]
[NIC "IG.04"]
[Time "15:03:57"]
[PlyCount "104"]
[TimeControl "1500+5"]

1. e4 e5 2. Bc4 Nf6 3. d3 h6 4. Nf3 Nc6 5. c3 d5 6. Bb3 dxe4 7. dxe4 Qxd1+
8. Bxd1 Nxe4 9. O-O Bc5 10. Ba4 f6 11. Nbd2 Nxd2 12. Bxd2 Bd7 13. b4 Bd6
14. Bc2 O-O-O 15. a4 Ne7 16. c4 Nf5 17. c5 Be7 18. h3 g5 19. Be4 c6 20.
Rfc1 Ng7 21. Rab1 Bf5 22. Bxf5+ Nxf5 23. b5 e4 24. Ba5 exf3 25. Bxd8 Rxd8
26. gxf3 Rd5 27. bxc6 bxc6 28. Kg2 Rxc5 29. Rxc5 Bxc5 30. Rc1 Nh4+ 31. Kg3
Bd6+ 32. Kg4 Kc7 33. Rc4 Kb6 34. Kh5 Nxf3 35. Kxh6 Ne5 36. Rc2 Ka5 37. Ra2
Nd3 38. Rd2 Bf8+ 39. Kg6 Nc5 40. Kxf6 Ne4+ 41. Kf7 Nxd2 42. Kxf8 Ne4 43. f4
gxf4 44. h4 f3 45. h5 f2 46. h6 f1=Q+ 47. Kg7 Qh1 48. h7 Qxh7+ 49. Kf8 Ng5
50. Ke8 Qf7+ 51. Kd8 Ne6+ 52. Kc8 Qc7# { White checkmated } 0-1

[Event "ICC tourney 2533 (25 5)"]
[Site "Internet Chess Club"]
[Date "2021.04.25"]
[Round "7"]
[White "DONHAM, WILLIAM:K09-15747455"]
[Black "MUTHUKUMARAN, ARJUN:K09-30018527"]
[Result "1-0"]
[ICCResult "Black resigns"]
[WhiteElo "1583"]
[BlackElo "914"]
[Opening "Sicilian: Hungarian variation"]
[ECO "B34"]
[NIC "SI.43"]
[Time "15:01:04"]
[PlyCount "85"]
[TimeControl "1500+5"]

1. e4 c5 2. Nf3 g6 3. Nc3 Bg7 4. d4 cxd4 5. Nxd4 Nc6 6. Be3 Nf6 7. Be2 O-O
8. Qd2 d5 9. exd5 Nxd5 10. Nxd5 Nxd4 11. Bxd4 Qxd5 12. Bxg7 Qxd2+ 13. Kxd2
Kxg7 14. Rad1 Be6 15. b3 a5 16. Bf3 Ra7 17. Ke2 b6 18. Bd5 Bf5 19. c4 Rd7
20. Bc6 Rc7 21. Bb5 Rc5 22. Rd4 Re5+ 23. Kf3 h5 24. h3 g5 25. g4 Bg6 26.
Rhd1 f5 27. Kg3 fxg4 28. hxg4 hxg4 29. Bc6 Bh5 30. Rh1 Rh8 31. Rd7 Kf6 32.
Rb7 Kf5 33. Rxb6 Re2 34. Rb5+ Re5 35. Be4+ Ke6 36. Rxe5+ Kxe5 37. Bg6 Rf8
38. Bxh5 Rf3+ 39. Kg2 Kf4 40. Rd1 e5 41. Rd8 Ke4 42. Bg6+ Rf5 43. Rf8 {
Black resigns } 1-0

[Event "ICC tourney 2533 (25 5)"]
[Site "Internet Chess Club"]
[Date "2021.04.25"]
[Round "7"]
[White "MERRILL, SYLVIA:K09-15066418"]
[Black "SETTY, KRISHNA:K09-17034958"]
[Result "1/2-1/2"]
[ICCResult "Game drawn by mutual agreement"]
[WhiteElo "1540"]
[BlackElo "1109"]
[Opening "Neo-Grünfeld, 6.O-O, main line"]
[ECO "D79"]
[NIC "GI.02"]
[Time "15:02:21"]
[PlyCount "109"]
[TimeControl "1500+5"]

1. d4 Nf6 2. Nf3 g6 3. c4 d5 4. g3 Bg7 5. Bg2 O-O 6. O-O c6 7. cxd5 cxd5 8.
Nc3 Bf5 9. Bf4 Nc6 10. Rc1 a6 11. Qb3 b5 12. Nxd5 Nxd4 13. Nxd4 Nxd5 14.
Bxd5 Bxd4 15. Bxa8 Qxa8 16. Rc7 Bh3 17. Qf3 Qxf3 18. exf3 Bxf1 19. Kxf1 Re8
20. b3 e5 21. Be3 Rd8 22. Ke2 Kg7 23. Bxd4 Rxd4 24. Rc5 f6 25. Rc7+ Kh6 26.
Rc6 a5 27. Rxf6 Rb4 28. Re6 a4 29. Rxe5 axb3 30. axb3 Rxb3 31. Rd5 Rb2+ 32.
Rd2 Rb3 33. f4 Ra3 34. Rb2 Ra5 35. Kd3 Kh5 36. h3 g5 37. fxg5 Kxg5 38. Kd4
Kf5 39. Kc5 Ke4 40. Rb3 h6 41. Re3+ Kf5 42. Rf3+ Kg5 43. Rf8 Kg6 44. f4 Kg7
45. Rf5 Ra3 46. Kxb5 Rxg3 47. Rh5 Kg6 48. Rh4 Rf3 49. Kc5 Kf5 50. Kd5 Rxf4
51. Rxh6 Kg5 52. Rh8 Rh4 53. Rg8+ Kf4 54. Rf8+ Kg3 55. Re8 { Game drawn by
mutual agreement } 1/2-1/2

[Event "ICC tourney 2533 (25 5)"]
[Site "Internet Chess Club"]
[Date "2021.04.25"]
[Round "7"]
[White "BABENKO, ARIEL:K09-15837661"]
[Black "SHUKLA, ARIN:K09-15582643"]
[Result "0-1"]
[ICCResult "White checkmated"]
[WhiteElo "979"]
[BlackElo "1553"]
[Opening "Scotch game"]
[ECO "C45"]
[NIC "SO.05"]
[Time "15:01:53"]
[PlyCount "140"]
[TimeControl "1500+5"]

1. e4 e5 2. Nf3 Nc6 3. d4 exd4 4. Nxd4 Bc5 5. Be3 Qf6 6. c3 d6 7. Bb5 Bd7
8. O-O Bb6 9. Nxc6 Bxc6 10. Bxc6+ bxc6 11. Qd3 Ne7 12. Nd2 O-O 13. Nc4 Bxe3
14. Nxe3 Rfd8 15. Rad1 Rab8 16. b3 d5 17. exd5 Nxd5 18. Nxd5 cxd5 19. Rfe1
Rd6 20. Qe3 Rdd8 21. Qe5 Qxe5 22. Rxe5 c6 23. Re2 Kf8 24. Red2 Rb7 25. f3
Re7 26. Kf2 Re6 27. c4 Red6 28. cxd5 Rxd5 29. Rxd5 cxd5 30. Ke3 Ke7 31. Kd4
f6 32. g4 Rc8 33. Rd2 Kd6 34. h4 h6 35. h5 Rc1 36. Rd3 Ra1 37. a4 Rc1 38.
Ke3 Re1+ 39. Kf4 Re5 40. b4 a6 41. Kg3 Re1 42. Rd4 Ke5 43. Rd2 Rb1 44. b5
axb5 45. axb5 Rxb5 46. Rd3 Rb2 47. Rd1 d4 48. Rd3 Kd5 49. Kf4 Kc4 50. Rd1
Re2 51. Kg3 d3 52. f4 Kc3 53. Kf3 Kc2 54. Ra1 Re7 55. Ra8 Rc7 56. Ke3 Re7+
57. Kf3 d2 58. Rc8+ Kd1 59. Rd8 Ke1 60. Rd3 d1=Q+ 61. Rxd1+ Kxd1 62. f5 Kd2
63. Kf4 Kd3 64. Kf3 Re4 65. Kg3 Ke3 66. Kh4 Kf3 67. Kh3 Rxg4 68. Kh2 Rg5
69. Kh1 Kf2 70. Kh2 Rxh5# { White checkmated } 0-1

[Event "ICC tourney 2533 (25 5)"]
[Site "Internet Chess Club"]
[Date "2021.04.25"]
[Round "7"]
[White "LIU, JOSHUA:K09-16222106"]
[Black "PRATHIK KARRA, KUNAL:K09-14744151"]
[Result "0-1"]
[ICCResult "White checkmated"]
[WhiteElo "1613"]
[BlackElo "1121"]
[Opening "QGD: exchange, positional line"]
[ECO "D35"]
[NIC "QO.16"]
[Time "15:01:06"]
[PlyCount "120"]
[TimeControl "1500+5"]

1. d4 e6 2. c4 Nf6 3. Nc3 d5 4. cxd5 exd5 5. Bg5 c5 6. e3 Nc6 7. Nf3 h6 8.
Bxf6 Qxf6 9. Nxd5 Qd8 10. Nc3 cxd4 11. Nxd4 Nxd4 12. Qxd4 Qxd4 13. exd4 Bd7
14. Bb5 O-O-O 15. Bxd7+ Rxd7 16. O-O-O Be7 17. Rhe1 Rhd8 18. d5 Bh4 19. g3
Bf6 20. Re3 Kc7 21. d6+ Kc6 22. Red3 Rxd6 23. Rxd6+ Rxd6 24. Rxd6+ Kxd6 25.
Kd2 g5 26. Ke3 Be5 27. Ne4+ Kd5 28. b3 Bd4+ 29. Kf3 f5 30. Nd2 Bc5 31. Ke2
g4 32. Nc4 Ke4 33. Nb2 h5 34. Nd3 Bd6 35. b4 Kd4 36. a3 Kc4 37. Nc1 Kc3 38.
Ke3 Kb2 39. Nd3+ Kxa3 40. Nf4 Kxb4 41. Nxh5 a5 42. Ng7 a4 43. Nxf5 a3 44.
Nd4 Bc5 45. Kf4 Bxd4 46. Kxg4 a2 47. h4 a1=Q 48. h5 Kc5 49. f4 b5 50. f5
Qa7 51. Kg5 Qg7+ 52. Kf4 b4 53. g4 Be5+ 54. Kf3 b3 55. Ke4 b2 56. f6 Qxf6
57. h6 b1=Q+ 58. Ke3 Qf4+ 59. Ke2 Qb2+ 60. Kd1 Qf1# { White checkmated }
0-1

[Event "ICC tourney 2533 (25 5)"]
[Site "Internet Chess Club"]
[Date "2021.04.25"]
[Round "7"]
[White "SANTOSH, AKSHAY:K09-15350106"]
[Black "LESTER, JALEEL:K09-17178433"]
[Result "0-1"]
[ICCResult "White forfeits on time"]
[WhiteElo "1484"]
[BlackElo "519"]
[Opening "Queen's bishop game"]
[ECO "D02"]
[NIC "QP.08"]
[Time "15:03:59"]
[PlyCount "88"]
[TimeControl "1500+5"]

1. d4 d5 2. Nf3 Nf6 3. Bf4 Nc6 4. e3 Bg4 5. h3 Bh5 6. Nbd2 e6 7. Bd3 Bb4 8.
c3 Ba5 9. a4 a6 10. b4 Bb6 11. a5 Ba7 12. O-O O-O 13. Rc1 Ne7 14. Qc2 Bg6
15. Ne5 Bxd3 16. Qxd3 c6 17. c4 Bb8 18. c5 Nd7 19. Bg5 Bxe5 20. dxe5 Nxe5
21. Qc3 f6 22. f4 N5g6 23. f5 Nxf5 24. Bf4 e5 25. Bh2 Qd7 26. Qd3 Nge7 27.
Nc4 Qe6 28. Nb6 Rad8 29. Qb3 Qf7 30. g4 Qg6 31. Kf2 Nh4 32. Bg3 Qg5 33. Ke2
h5 34. Rg1 f5 35. gxf5 Nexf5 36. Bxe5 Qe7 37. Qc3 Rde8 38. Bf4 Qe4 39. Kd1
Nf3 40. Rg2 N3d4 41. Rf2 Nb5 42. Qd2 d4 43. exd4 Nbxd4 44. Rc4 Qh1+ { White
forfeits on time } 0-1

[Event "ICC tourney 2533 (25 5)"]
[Site "Internet Chess Club"]
[Date "2021.04.25"]
[Round "7"]
[White "DENG, LILY:K09-16640701"]
[Black "ZENG, LUCY:K09-17101736"]
[Result "0-1"]
[ICCResult "White checkmated"]
[WhiteElo "1844"]
[BlackElo "1228"]
[Opening "Four knights: Spanish variation"]
[ECO "C48"]
[NIC "KP.03"]
[Time "15:00:22"]
[PlyCount "98"]
[TimeControl "1500+5"]

1. e4 e5 2. Nf3 Nc6 3. Nc3 Nf6 4. Bb5 d6 5. h3 Bd7 6. O-O a6 7. Bc4 b5 8.
Bd5 Be7 9. d3 O-O 10. Bb3 Na5 11. Be3 Nxb3 12. cxb3 c5 13. Rc1 h6 14. Re1
Rc8 15. a3 a5 16. Qd2 b4 17. Ne2 Nh5 18. Ng3 Nxg3 19. fxg3 Be6 20. Qc2 f5
21. Bf2 Qe8 22. Kh2 Qh5 23. exf5 Bxf5 24. Qc4+ Qf7 25. Qc2 bxa3 26. bxa3 a4
27. bxa4 c4 28. Qd2 Bxd3 29. a5 e4 30. Re3 exf3 31. Rxf3 Qd5 32. Rxf8+ Rxf8
33. a6 Bg5 34. Be3 Ra8 35. Bxg5 Qxg5 36. Qb2 Rxa6 37. Ra1 Qc5 38. Qc3 d5
39. a4 d4 40. Qd2 Bg6 41. a5 c3 42. Qa2+ Kh8 43. Rf1 c2 44. Qb2 Rxa5 45.
Qb8+ Kh7 46. Rf8 Qxf8 47. Qxf8 c1=Q 48. Qb4 Ra1 49. Qxd4 Qh1# { White
checkmated } 0-1

[Event "ICC tourney 2533 (25 5)"]
[Site "Internet Chess Club"]
[Date "2021.04.25"]
[Round "7"]
[White "MALLADI, SADKRITH:K09-15797710"]
[Black "MAHESHWARI, JAYANT:K09-14966376"]
[Result "1-0"]
[ICCResult "Black resigns"]
[WhiteElo "1897"]
[BlackElo "2059"]
[Opening "Scotch: Potter variation"]
[ECO "C45"]
[NIC "SO.05"]
[Time "15:04:18"]
[PlyCount "77"]
[TimeControl "1500+5"]

1. e4 e5 2. Nf3 Nc6 3. d4 exd4 4. Nxd4 Bc5 5. Nb3 Bb6 6. Nc3 Nf6 7. Qe2 O-O
8. Bg5 h6 9. Bh4 a5 10. a4 Nd4 11. Qd3 Nxb3 12. cxb3 c6 13. O-O-O d5 14.
Qc2 Qd6 15. Bxf6 Qxf6 16. exd5 Qxf2 17. Qxf2 Bxf2 18. dxc6 bxc6 19. Ne4
Be3+ 20. Kc2 Rb8 21. Bc4 Bf5 22. Bd3 Be6 23. Bc4 Bxc4 24. bxc4 f5 25. Nd6
f4 26. Rhf1 Rf6 27. g4 Rg6 28. h3 h5 29. Nf5 Re8 30. Rde1 hxg4 31. Rxf4
Bxf4 32. Rxe8+ Kf7 33. Re4 gxh3 34. Rxf4 Rf6 35. Nd6+ Ke7 36. Rxf6 Kxf6 37.
Ne4+ Kf5 38. Nf2 h2 39. b4 { Black resigns } 1-0

[Event "ICC tourney 2533 (25 5)"]
[Site "Internet Chess Club"]
[Date "2021.04.25"]
[Round "7"]
[White "PENCILLE, JONLUKE:K09-15351837"]
[Black "GANESAN, VIKRANT:K09-16786952"]
[Result "0-1"]
[ICCResult "White checkmated"]
[WhiteElo "1106"]
[BlackElo "1628"]
[Opening "Sicilian"]
[ECO "B50"]
[NIC "SI.01"]
[Time "15:00:05"]
[PlyCount "88"]
[TimeControl "1500+5"]

1. e4 c5 2. Nf3 d6 3. c3 Nf6 4. h3 Nc6 5. Bb5 Bd7 6. d3 e6 7. O-O Be7 8.
Be3 a6 9. Ba4 b5 10. Bc2 O-O 11. d4 e5 12. d5 Na5 13. Nbd2 Nc4 14. Nxc4
bxc4 15. Bxc5 Qc7 16. Be3 Rfb8 17. Qc1 Bd8 18. b3 cxb3 19. Bxb3 Nxe4 20.
Bd2 Bb5 21. c4 Bd7 22. Qc2 Bf5 23. Qd1 Nc5 24. Bc2 Bxc2 25. Qxc2 Rb6 26.
Ba5 Rab8 27. Bxb6 Rxb6 28. Rab1 g6 29. Rxb6 Qxb6 30. Rb1 Qa7 31. Nd2 f5 32.
Kh2 Bf6 33. Qb2 Kg7 34. Qb6 Qe7 35. f3 e4 36. Re1 Bc3 37. Re2 Bxd2 38. Rxd2
Qe5+ 39. Kh1 exf3 40. Qc7+ Kh6 41. gxf3 Qe1+ 42. Kg2 Qxd2+ 43. Kg3 Nd3 44.
Qxd6 Qf2# { White checkmated } 0-1

[Event "ICC tourney 2533 (25 5)"]
[Site "Internet Chess Club"]
[Date "2021.04.25"]
[Round "7"]
[White "NGO, BACH:K09-15576043"]
[Black "TAY, BRIAN:K09-15880655"]
[Result "1-0"]
[ICCResult "Black checkmated"]
[WhiteElo "2222"]
[BlackElo "1978"]
[Opening "King's Indian: East Indian defense"]
[ECO "A48"]
[NIC "QP.06"]
[Time "15:02:00"]
[PlyCount "111"]
[TimeControl "1500+5"]

1. d4 Nf6 2. Nf3 g6 3. Nc3 d5 4. Bf4 Bg7 5. e3 O-O 6. Be2 Bf5 7. Ne5 Nbd7
8. g4 Be6 9. h4 Nxe5 10. Bxe5 Ne4 11. Nxe4 dxe4 12. Bxg7 Kxg7 13. h5 c5 14.
c3 Qb6 15. Qc2 f5 16. hxg6 hxg6 17. gxf5 Bxf5 18. O-O-O Rh8 19. Qa4 Rxh1
20. Rxh1 Rc8 21. dxc5 Qxc5 22. Qd4+ Qxd4 23. exd4 Kf6 24. Kd2 Rd8 25. Ke3
a6 26. c4 e5 27. d5 b5 28. cxb5 axb5 29. Bxb5 Rxd5 30. a4 Rd4 31. Ra1 Rb4
32. Bc6 Rb3+ 33. Kd2 Rxb2+ 34. Ke1 Rb6 35. Bd5 Rd6 36. Bc4 Rd4 37. Be2 Rd7
38. a5 Ra7 39. Kd2 Bc8 40. Ke3 Kf5 41. a6 g5 42. Ra5 Bd7 43. Rc5 Ba4 44.
Rc8 Rf7 45. Bc4 Rh7 46. Rf8+ Kg6 47. Kxe4 Re7 48. Bd5 Ra7 49. Bb7 Bb5 50.
Kxe5 Bxa6 51. Rf6+ Kh5 52. Bxa6 Re7+ 53. Kf5 Re1 54. Bc4 g4 55. Bf7+ Kh4
56. Rh6# { Black checkmated } 1-0